Warning! The script has encountered some errors when parsing the replay. Please report them to the . » details
0x00, prev: 0x16: 16 02 01 00 0D 3D 00 00 0D 3D 00 00 [00] 00 00 00 00 00 00 00 00 00 00 00 00 00 00 00 00 00 00 00 00 00 00 00 00 00
0x00, prev: 0x00: 16 02 01 00 0D 3D 00 00 0D 3D 00 00 00 00 00 00 00 00 00 00 00 00 00 00 00 00 00 00 00 00 00 00 00 00 00 00 [00] 00
0x00, prev: 0x02: 16 02 0B 00 F7 42 00 00 6F 8B 03 00 79 43 00 00 EC 51 04 00 D2 54 00 00 87 81 04 00 FD 58 00 00 93 8B 03 00 19 5B 00 00 AB 81 04 00 93 5B 00 00 F2 2E 03 00 DF 5C 00 00 16 2F 03 00 02 5D 00 00 3A 2F 03 00 F4 5E 00 00 A0 51 04 00 11 61 00 00 CF 81 04 00 2A 61 00 00 C6 51 04 00 00 00 00 00 00 00 00 00 00 00 00 00 00 00 00 00 00 00 00 00 00 00 00 00 02 [00] 02 1F 00 12 00 00 03 00 0D 00 FF FF FF FF FF FF FF FF 00 F8 E1 C5 00 50 1E 45 B5 60 00 00 9F F2 04 00
0x00, prev: 0x04: 16 02 01 00 EB 3F 00 00 33 BC 00 00 00 00 00 00 00 00 00 00 00 00 00 00 00 00 00 00 00 00 00 00 00 00 00 00 04 [00]
0x0E, prev: 0x00: 16 02 01 00 EB 3F 00 00 33 BC 00 00 00 00 00 00 00 00 00 00 00 00 00 00 00 00 00 00 00 00 00 00 00 00 00 00 [0E] 00 02 26 00 16 02 01 00 F7 57 00 00 35 13 03 00 16 01 01 00 1D 5D 00 00 60 4A 03 00 1A 19 61 65 62 6F 1D 5D 00 00 60 4A 03 00
0x00, prev: 0x01: 16 02 01 00 B0 4C 00 00 37 94 00 00 00 00 00 00 00 00 00 00 00 00 00 00 00 00 00 00 00 00 00 00 00 00 00 00 01 [00]
0x00, prev: 0x05: 16 02 01 00 2D 60 00 00 D9 AA 05 00 00 00 00 00 00 00 00 00 00 00 00 00 00 00 00 00 00 00 00 00 00 00 00 00 05 [00] 01 11 00 18 00 03 1A 19 77 68 64 68 D0 3B 00 00 51 7E 0C 00
0x09, prev: 0x00: 16 02 04 00 3B 20 00 00 A9 96 0B 00 D5 22 00 00 42 14 0B 00 8A 3A 00 00 26 14 0B 00 D3 64 00 00 8D 96 0B 00 00 00 00 00 00 00 00 00 00 00 00 00 00 00 00 00 00 00 00 00 00 00 00 00 [09] 00
General information
- name: BNet
- type: Ladder team game (AT/RT)
- host: Battle.net
- saver: f_cku_heathclif
map: Highperch
- players: 6
- length: 93:46
- speed: Fast
- version: 1.23 W3XP
- replay type: Public
» download(364 KB)
Players
team 1 (winner)
avid.milk2 (
yellow | 52 APM | 2621 actions | 50:01)
2 Mountain King
2 Storm Bolt
3 Archmage
1 Blizzard
2 Brilliance Aura
2 Dark Ranger
1 Silence
1 Life Drain
» actions
| Assign group hotkey | 47 | |
| Basic commands | 119 | |
| Build / train | 247 | |
| ESC pressed | 1 | |
| Enter build submenu | 72 | |
| Enter hero's abilities submenu | 10 | |
| Give item / drop item | 36 | |
| Remove unit from queue | 5 | |
| Right click | 683 | |
| Select / deselect | 803 | |
| Select group hotkey | 316 | |
| Use ability | 273 | |
2621 total
» units
| Peasant | 16 | |
| Mortar Team | 7 | |
| Sorceress | 3 | |
| Priest | 1 | |
| Flying Machine | 3 | |
| Dragonhawk Rider | 9 | |
| Siege Engine | 3 | |
42 total
» upgrades
| Masonry | 3 | |
| Magic Sentry | 1 | |
| Lumber Harvesting | 2 | |
| Swords | 3 | |
| Storm Hammers | 0 | |
| Cloud | 1 | |
| Barrage | 1 | |
| Fragmentation Shards | 1 | |
| Flare | 1 | |
| Sorceress Training | 2 | |
| Priest Training | 2 | |
| Armor | 3 | |
| Gunpowder | 3 | |
| Flak Cannons | 1 | |
| Plating | 3 | |
27 total
» buildings
| Altar of Kings | 1 | |
| Farm | 15 | |
| Lumber Mill | 2 | |
| Scout Tower | 72 | |
| Guard Tower | 85 | |
| Arcane Tower | 1 | |
| Town Hall | 1 | |
| Keep | 5 | |
| Blacksmith | 2 | |
| Arcane Sanctum | 1 | |
| Workshop | 3 | |
| Arcane Vault | 2 | |
| Castle | 5 | |
| Gryphon Aviary | 2 | |
197 total
» build order
00:13 Altar of Kings
00:19 Farm
00:24 Lumber Mill
00:26 Lumber Mill
01:24 Farm
01:32 Scout Tower
01:36 Scout Tower
01:38 Scout Tower
01:39 Scout Tower
01:45 Scout Tower
01:47 Scout Tower
02:17 Guard Tower
02:18 Guard Tower
02:18 Guard Tower
02:18 Guard Tower
02:33 Arcane Tower
02:34 Guard Tower
02:34 Guard Tower
02:34 Guard Tower
02:40 Scout Tower
02:42 Guard Tower
02:42 Guard Tower
02:56 Guard Tower
03:03 Scout Tower
03:04 Scout Tower
03:09 Scout Tower
03:09 Scout Tower
03:10 Scout Tower
03:11 Scout Tower
03:12 Scout Tower
03:14 Scout Tower
03:16 Scout Tower
03:17 Guard Tower
03:27 Scout Tower
03:29 Scout Tower
03:31 Scout Tower
03:44 Guard Tower
03:44 Guard Tower
03:44 Guard Tower
03:51 Scout Tower
03:53 Scout Tower
03:55 Scout Tower
03:57 Scout Tower
03:58 Scout Tower
04:00 Scout Tower
04:03 Scout Tower
04:05 Scout Tower
04:06 Guard Tower
04:11 Guard Tower
04:11 Guard Tower
04:12 Guard Tower
04:17 Guard Tower
04:18 Guard Tower
04:24 Farm
04:39 Town Hall
05:00 Keep
05:00 Keep
05:01 Keep
05:11 Guard Tower
05:12 Guard Tower
05:12 Guard Tower
05:13 Guard Tower
05:14 Guard Tower
05:14 Guard Tower
05:14 Guard Tower
05:24 Scout Tower
05:25 Scout Tower
05:39 Blacksmith
05:44 Farm
05:49 Farm
06:03 Guard Tower
06:16 Guard Tower
06:20 Scout Tower
06:20 Scout Tower
06:22 Scout Tower
06:26 Guard Tower
06:26 Guard Tower
06:27 Guard Tower
06:27 Guard Tower
06:29 Scout Tower
06:32 Scout Tower
06:33 Scout Tower
07:04 Guard Tower
07:11 Farm
07:13 Farm
07:24 Arcane Sanctum
07:31 Workshop
07:37 Workshop
07:41 Workshop
08:02 Guard Tower
08:02 Guard Tower
08:02 Guard Tower
08:03 Guard Tower
08:09 Arcane Vault
08:12 Arcane Vault
08:40 Castle
08:40 Castle
08:41 Castle
08:41 Castle
09:45 Gryphon Aviary
09:49 Gryphon Aviary
13:00 Blacksmith
13:10 Farm
13:12 Farm
13:13 Farm
13:14 Farm
13:16 Farm
14:57 Farm
14:59 Farm
15:00 Farm
16:11 Scout Tower
16:13 Scout Tower
16:14 Scout Tower
16:15 Scout Tower
16:16 Scout Tower
16:18 Scout Tower
16:21 Scout Tower
16:22 Scout Tower
16:24 Scout Tower
16:45 Scout Tower
16:45 Scout Tower
16:46 Scout Tower
16:48 Scout Tower
16:49 Scout Tower
16:49 Scout Tower
16:52 Scout Tower
16:54 Scout Tower
16:55 Scout Tower
16:58 Scout Tower
17:01 Scout Tower
17:02 Scout Tower
17:03 Scout Tower
17:04 Scout Tower
17:05 Scout Tower
17:09 Scout Tower
17:41 Guard Tower
17:41 Guard Tower
17:41 Guard Tower
17:48 Guard Tower
18:41 Guard Tower
19:16 Guard Tower
19:16 Guard Tower
19:16 Guard Tower
19:17 Guard Tower
19:26 Guard Tower
19:27 Guard Tower
19:27 Guard Tower
19:27 Guard Tower
21:40 Guard Tower
27:08 Guard Tower
27:18 Guard Tower
27:29 Guard Tower
27:35 Guard Tower
27:36 Guard Tower
27:36 Guard Tower
30:40 Scout Tower
30:41 Scout Tower
30:43 Scout Tower
30:46 Scout Tower
30:49 Scout Tower
30:49 Scout Tower
30:51 Scout Tower
30:53 Scout Tower
30:54 Scout Tower
30:56 Scout Tower
30:58 Scout Tower
31:01 Scout Tower
32:42 Guard Tower
32:42 Guard Tower
32:43 Guard Tower
32:43 Guard Tower
32:46 Guard Tower
32:46 Guard Tower
50:01 Keep
» items
| Mechanical Critter | 11 | |
| Boots of Speed | 6 | |
| Staff of Teleportation | 7 | |
| Orb of Lightning | 1 | |
| Tiny Great Hall | 1 | |
| Ivory Tower | 21 | |
| Staff of Sanctuary | 1 | |
| Scroll of Town Portal | 2 | |
50 total
f_cku_heathclif (
pink | 86 APM | 4285 actions | 50:01)
8 Blademaster
3 Wind Walk
3 Critical Strike
1 Bladestorm
1 Mirror Image
2 Dark Ranger
1 Silence
1 Life Drain
1 Archmage
1 Blizzard
» actions
| Assign group hotkey | 43 | |
| Basic commands | 161 | |
| Build / train | 101 | |
| ESC pressed | 2 | |
| Enter build submenu | 42 | |
| Enter hero's abilities submenu | 14 | |
| Give item / drop item | 53 | |
| Remove unit from queue | 2 | |
| Right click | 1863 | |
| Select / deselect | 607 | |
| Select group hotkey | 1026 | |
| Use ability | 362 | |
4285 total
» units
» upgrades
| Spiked Barricades | 1 | |
| Ranged Weapons | 3 | |
| Armor | 3 | |
| Envenomed Spears | 1 | |
| Liquid Fire | 1 | |
| Reinforced Defenses | 1 | |
10 total
» buildings
| Altar of Storms | 2 | |
| Orc Burrow | 9 | |
| War Mill | 1 | |
| Watch Tower | 20 | |
| Voodoo Lounge | 2 | |
| Stronghold | 4 | |
| Great Hall | 2 | |
| Fortress | 2 | |
| Beastiary | 3 | |
45 total
» build order
00:08 Altar of Storms
00:11 Orc Burrow
00:40 War Mill
01:37 Orc Burrow
01:56 Watch Tower
02:05 Watch Tower
02:17 Watch Tower
03:07 Voodoo Lounge
03:09 Watch Tower
03:12 Watch Tower
03:41 Stronghold
03:42 Stronghold
03:42 Stronghold
04:19 Watch Tower
04:24 Watch Tower
04:25 Watch Tower
06:06 Great Hall
06:23 Fortress
06:25 Beastiary
06:28 Beastiary
07:00 Beastiary
07:14 Watch Tower
07:15 Watch Tower
07:38 Orc Burrow
07:38 Orc Burrow
14:23 Orc Burrow
14:24 Orc Burrow
14:24 Orc Burrow
14:25 Orc Burrow
14:25 Orc Burrow
27:43 Watch Tower
27:47 Watch Tower
27:58 Watch Tower
31:49 Watch Tower
31:51 Watch Tower
31:52 Watch Tower
31:55 Watch Tower
31:58 Watch Tower
32:00 Watch Tower
32:01 Watch Tower
50:01 Voodoo Lounge
» items
| Boots of Speed | 1 | |
| Staff of Teleportation | 2 | |
| Lesser Clarity Potion | 5 | |
| Healing Salve | 2 | |
| Orb of Lightning | 2 | |
| Scroll of Regeneration | 1 | |
| Staff of Sanctuary | 1 | |
| Mechanical Critter | 2 | |
| Potion of Lesser Invulnerability | 1 | |
| Scroll of Town Portal | 4 | |
| Tiny Great Hall | 1 | |
| Periapt of Vitality | 1 | |
23 total
pasteyface (
green | 40 APM | 2025 actions | 50:01)
4 Warden
2 Shadow Strike
2 Blink
1 Mountain King
1 Bash
» actions
| Assign group hotkey | 28 | |
| Basic commands | 49 | |
| Build / train | 70 | |
| ESC pressed | 5 | |
| Enter build submenu | 18 | |
| Enter hero's abilities submenu | 9 | |
| Give item / drop item | 25 | |
| Remove unit from queue | 1 | |
| Right click | 937 | |
| Select / deselect | 380 | |
| Select group hotkey | 375 | |
| Use ability | 125 | |
2025 total
» units
| Wisp | 17 | |
| Druid of the Talon | 17 | |
| Chimaera | 4 | |
38 total
» upgrades
| Druid of the Talon Training | 2 | |
| Strength of the Wild | 3 | |
| Well Spring | 1 | |
| Mark of the Talon | 1 | |
| Reinforced Hides | 3 | |
| Corrosive Breath | 1 | |
| Ultravision | 1 | |
12 total
» buildings
| Altar of Elders | 1 | |
| Moon Well | 9 | |
| Tree of Ages | 2 | |
| Tree of Eternity | 1 | |
| Ancient of Wind | 2 | |
| Hunter's Hall | 1 | |
| Chimaera Roost | 1 | |
17 total
» build order
00:08 Altar of Elders
00:12 Moon Well
01:40 Moon Well
04:53 Moon Well
05:54 Moon Well
05:55 Moon Well
05:58 Moon Well
06:00 Moon Well
07:17 Tree of Ages
09:04 Moon Well
11:50 Tree of Eternity
11:58 Ancient of Wind
12:00 Ancient of Wind
12:03 Hunter's Hall
13:19 Moon Well
16:02 Chimaera Roost
50:01 Tree of Ages
» items
| Boots of Speed | 1 | |
| Staff of Teleportation | 1 | |
| Orb of Lightning | 1 | |
| Mechanical Critter | 2 | |
| Tiny Great Hall | 1 | |
6 total
team 2 (loser)
Derry-x21 (
blue | 74 APM | 3689 actions | 50:01)
3 Blademaster
2 Wind Walk
1 Critical Strike
» actions
| Assign group hotkey | 30 | |
| Basic commands | 160 | |
| Build / train | 92 | |
| ESC pressed | 18 | |
| Enter build submenu | 46 | |
| Enter hero's abilities submenu | 3 | |
| Give item / drop item | 4 | |
| Remove unit from queue | 4 | |
| Right click | 1497 | |
| Select / deselect | 556 | |
| Select group hotkey | 1156 | |
| Use ability | 120 | |
3689 total
» units
| Peon | 14 | |
| Troll Batrider | 31 | |
| Shaman | 11 | |
| Spirit Walker | 3 | |
| Troll Witch Doctor | 1 | |
60 total
» upgrades
| Spiked Barricades | 1 | |
| Shaman Training | 2 | |
| Reinforced Defenses | 1 | |
| Liquid Fire | 1 | |
| Spirit Walker Training | 2 | |
| Melee Weapons | 3 | |
| Armor | 2 | |
| Ranged Weapons | 2 | |
14 total
» buildings
| Altar of Storms | 1 | |
| Orc Burrow | 9 | |
| War Mill | 2 | |
| Watch Tower | 19 | |
| Stronghold | 1 | |
| Voodoo Lounge | 1 | |
| Beastiary | 2 | |
| Spirit Lodge | 2 | |
| Fortress | 1 | |
38 total
» build order
00:07 Altar of Storms
00:13 Orc Burrow
01:04 War Mill
01:24 Orc Burrow
02:20 Watch Tower
02:27 Watch Tower
02:56 Watch Tower
03:12 Watch Tower
03:49 Orc Burrow
04:04 Watch Tower
04:15 Watch Tower
04:17 Watch Tower
04:33 Watch Tower
04:48 Stronghold
04:51 Watch Tower
05:06 Watch Tower
05:08 Watch Tower
05:17 Watch Tower
05:20 Watch Tower
05:51 Watch Tower
05:59 Watch Tower
06:24 Watch Tower
06:57 Voodoo Lounge
07:18 Watch Tower
08:43 Watch Tower
08:48 Beastiary
09:20 Beastiary
09:50 Watch Tower
09:57 Spirit Lodge
10:34 War Mill
11:01 Fortress
12:41 Orc Burrow
12:43 Orc Burrow
13:37 Orc Burrow
14:38 Orc Burrow
14:59 Spirit Lodge
15:42 Orc Burrow
50:01 Orc Burrow
» items
| Healing Salve | 2 | |
| Orb of Lightning | 1 | |
| Scroll of Regeneration | 1 | |
| Potion of Lesser Invulnerability | 1 | |
| Circlet of Nobility | 1 | |
| Tome of Retraining | 1 | |
7 total
jgdude (
purple | 36 APM | 1782 actions | 50:01)
3 Death Knight
2 Death Coil
1 Unholy Aura
» actions
| Assign group hotkey | 24 | |
| Basic commands | 92 | |
| Build / train | 60 | |
| ESC pressed | 6 | |
| Enter build submenu | 23 | |
| Enter hero's abilities submenu | 4 | |
| Remove unit from queue | 1 | |
| Right click | 616 | |
| Select / deselect | 250 | |
| Select group hotkey | 633 | |
| Use ability | 73 | |
1782 total
» units
| Acolyte | 11 | |
| Ghoul | 7 | |
| Crypt Fiend | 4 | |
| Frost Wyrm | 8 | |
30 total
» upgrades
| Creature Attack | 3 | |
| Creature Carapace | 3 | |
| Web | 1 | |
| Cannibalize | 0 | |
| Ghoul Frenzy | 1 | |
| Freezing Breath | 1 | |
9 total
» buildings
| Altar of Darkness | 1 | |
| Ziggurat | 11 | |
| Crypt | 1 | |
| Graveyard | 1 | |
| Tomb of Relics | 1 | |
| Nerubian Tower | 1 | |
| Halls of the Dead | 1 | |
| Black Citadel | 2 | |
| Sacrificial Pit | 1 | |
| Spirit Tower | 8 | |
| Boneyard | 2 | |
30 total
» build order
00:10 Altar of Darkness
00:12 Ziggurat
00:36 Crypt
01:02 Graveyard
01:17 Ziggurat
01:54 Tomb of Relics
03:24 Nerubian Tower
04:31 Halls of the Dead
04:49 Ziggurat
06:53 Black Citadel
07:28 Sacrificial Pit
08:11 Black Citadel
08:32 Ziggurat
08:37 Ziggurat
08:50 Ziggurat
09:07 Ziggurat
09:22 Ziggurat
09:24 Spirit Tower
09:45 Spirit Tower
09:46 Spirit Tower
10:00 Spirit Tower
10:12 Ziggurat
10:14 Spirit Tower
10:33 Boneyard
10:35 Boneyard
13:50 Spirit Tower
15:35 Spirit Tower
17:15 Ziggurat
17:46 Ziggurat
20:36 Spirit Tower
» items
| Dust of Appearance | 1 | |
| Mechanical Critter | 1 | |
| Scroll of Regeneration | 2 | |
4 total
NiVeDh (
red | 53 APM | 2668 actions | 50:01)
3 Archmage
2 Summon Water Elemental
1 Brilliance Aura
» actions
| Assign group hotkey | 41 | |
| Basic commands | 235 | |
| Build / train | 125 | |
| ESC pressed | 1 | |
| Enter build submenu | 65 | |
| Enter hero's abilities submenu | 3 | |
| Right click | 577 | |
| Select / deselect | 522 | |
| Select group hotkey | 873 | |
| Use ability | 226 | |
2668 total
» units
| Peasant | 27 | |
| Rifleman | 6 | |
| Mortar Team | 8 | |
| Sorceress | 4 | |
45 total
» upgrades
| Gunpowder | 3 | |
| Magic Sentry | 1 | |
| Masonry | 3 | |
| Armor | 3 | |
| Sorceress Training | 2 | |
| Fragmentation Shards | 1 | |
| Lumber Harvesting | 1 | |
| Flak Cannons | 1 | |
| Flare | 1 | |
16 total
» buildings
| Altar of Kings | 1 | |
| Blacksmith | 1 | |
| Farm | 12 | |
| Barracks | 1 | |
| Lumber Mill | 2 | |
| Scout Tower | 32 | |
| Arcane Tower | 4 | |
| Keep | 3 | |
| Town Hall | 2 | |
| Workshop | 2 | |
| Arcane Sanctum | 1 | |
| Guard Tower | 34 | |
| Cannon Tower | 7 | |
| Castle | 3 | |
| Arcane Vault | 1 | |
106 total
» build order
00:38 Altar of Kings
00:52 Blacksmith
01:07 Farm
01:14 Barracks
01:47 Farm
02:09 Lumber Mill
02:25 Farm
02:46 Farm
02:58 Scout Tower
03:27 Arcane Tower
03:33 Farm
04:05 Keep
04:06 Keep
04:52 Town Hall
04:55 Town Hall
06:34 Workshop
06:43 Workshop
07:26 Arcane Sanctum
07:47 Scout Tower
07:58 Scout Tower
08:00 Scout Tower
08:15 Scout Tower
08:24 Scout Tower
08:26 Guard Tower
08:28 Guard Tower
08:31 Scout Tower
08:43 Guard Tower
08:45 Scout Tower
09:00 Guard Tower
09:15 Cannon Tower
10:01 Guard Tower
10:06 Scout Tower
10:19 Scout Tower
10:27 Farm
10:32 Guard Tower
10:50 Farm
10:57 Guard Tower
11:03 Guard Tower
11:03 Guard Tower
11:16 Scout Tower
11:30 Farm
11:44 Farm
11:56 Castle
11:56 Castle
12:10 Guard Tower
12:20 Scout Tower
12:41 Farm
12:50 Guard Tower
13:45 Scout Tower
13:46 Farm
14:31 Guard Tower
14:40 Arcane Vault
17:11 Scout Tower
17:14 Scout Tower
17:18 Scout Tower
17:22 Scout Tower
17:38 Guard Tower
17:39 Guard Tower
17:40 Guard Tower
17:40 Guard Tower
17:44 Guard Tower
17:44 Guard Tower
18:00 Guard Tower
18:03 Scout Tower
18:37 Guard Tower
18:50 Scout Tower
18:54 Scout Tower
19:23 Guard Tower
19:26 Scout Tower
20:18 Scout Tower
20:21 Guard Tower
20:23 Arcane Tower
20:26 Arcane Tower
20:28 Scout Tower
21:45 Arcane Tower
21:50 Scout Tower
21:56 Scout Tower
23:09 Lumber Mill
24:04 Scout Tower
24:06 Scout Tower
24:54 Guard Tower
24:57 Cannon Tower
25:03 Cannon Tower
25:05 Cannon Tower
25:10 Scout Tower
25:30 Cannon Tower
25:43 Scout Tower
25:46 Guard Tower
25:47 Scout Tower
25:52 Cannon Tower
25:55 Guard Tower
25:55 Guard Tower
26:26 Farm
26:30 Guard Tower
26:32 Cannon Tower
32:29 Scout Tower
33:07 Guard Tower
40:47 Scout Tower
43:15 Guard Tower
» items
| Potion of Healing | 1 | |
| Mechanical Critter | 1 | |
| Ivory Tower | 6 | |
8 total
Chat log
(00:15 / All) Derry-x21: no
(00:15 / Allies) f_cku_heathclif: did u see my chat abotu those other guys
(00:18 / Allies) f_cku_heathclif: they were fuckin horrible
(00:24 / Allies) f_cku_heathclif: they killed like 1 tower all game
(00:26 / Allies) f_cku_heathclif: and i had level 8 bm
(00:31 / Allies) f_cku_heathclif: michael gold
(00:52 / Allies) f_cku_heathclif: get warden rememebr
(01:41 / Allies) f_cku_heathclif: we may actually need perch tihs game
(01:43 / Allies) f_cku_heathclif: they have good races
(01:50 / Allies) f_cku_heathclif: wood michael
(02:10 / Allies) f_cku_heathclif: inc
(02:10 / Allies) pasteyface: attacking the mouse button
(02:18 / Allies) f_cku_heathclif: they perching
(02:19 / Allies) f_cku_heathclif: awesome
(02:21 / Allies) avid.milk2: wood
(02:35 / Allies) f_cku_heathclif: go jack their shit
(02:39 / Allies) f_cku_heathclif: at letft
(02:45 / Allies) avid.milk2: wood
(03:21 / Allies) avid.milk2: wood
(03:27 / Allies) f_cku_heathclif: yeah michael feed
(03:31 / Allies) f_cku_heathclif: and lure creeps asap
(03:47 / Allies) pasteyface: they suck at this
(03:51 / Allies) f_cku_heathclif: why u think that
(04:14 / Allies) avid.milk2: gold
(04:33 / Allies) f_cku_heathclif: lure right side
(04:46 / Allies) avid.milk2: wood
(05:21 / Allies) f_cku_heathclif: dotn go bonkers with towers and then have late morts
(05:23 / Allies) f_cku_heathclif: like last game
(05:28 / Allies) avid.milk2: wood go;d
(06:00 / Allies) f_cku_heathclif: get sentry asap too
(06:08 / Allies) avid.milk2: wood go;d.dl
(06:40 / Allies) avid.milk2: gold
(06:46 / Allies) f_cku_heathclif: stop making towers if ur too poor
(06:50 / Allies) f_cku_heathclif: we need morts on time
(07:29 / Allies) avid.milk2: gold
(08:35 / Allies) f_cku_heathclif: :s
(08:49 / Allies) f_cku_heathclif: go heal up fast
(08:58 / Allies) avid.milk2: $$
(09:00 / Allies) f_cku_heathclif: nmichael gold wood
(09:02 / Allies) avid.milk2: wud
(09:30 / Allies) avid.milk2: am uis up
(09:39 / Allies) f_cku_heathclif: can us taff to me
(09:44 / Allies) f_cku_heathclif: we creeep they orange
(09:46 / Allies) f_cku_heathclif: do it
(09:48 / Allies) f_cku_heathclif: 1 of u
(09:54 / Allies) avid.milk2: $$$
(09:55 / Allies) f_cku_heathclif: any u got staff?
(10:03 / Allies) pasteyface: i do
(10:09 / Allies) f_cku_heathclif: coem now
(10:11 / Allies) f_cku_heathclif: fast
(10:13 / Allies) f_cku_heathclif: u have 3 seconds
(10:15 / Allies) f_cku_heathclif: come on
(10:16 / Allies) f_cku_heathclif: grandma
(10:18 / Allies) f_cku_heathclif: ok w/e
(10:21 / Allies) f_cku_heathclif: great
(10:51 / Allies) f_cku_heathclif: get outta here
(10:55 / Allies) avid.milk2: zffzffff
(11:09 / Allies) f_cku_heathclif: idiot
(11:14 / Allies) f_cku_heathclif: i was gonna blink u up hell
(11:23 / Allies) f_cku_heathclif: >:D
(11:25 / Allies) f_cku_heathclif: oops
(11:28 / Allies) f_cku_heathclif: that d is upside down
(11:30 / Allies) f_cku_heathclif: D:<
(11:37 / Allies) pasteyface: happy angry
(11:52 / Allies) f_cku_heathclif: giogo fast
(11:59 / Allies) f_cku_heathclif: 2 of them over 50
(12:04 / Allies) f_cku_heathclif: coem on get there
(12:05 / Allies) f_cku_heathclif: get there
(12:06 / Allies) f_cku_heathclif: get there
(12:07 / Allies) f_cku_heathclif: get there
(12:07 / Allies) f_cku_heathclif: get there
(12:08 / Allies) f_cku_heathclif: get there
(12:09 / Allies) f_cku_heathclif: get there
(12:10 / Allies) f_cku_heathclif: get there
(12:11 / Allies) f_cku_heathclif: get there
(12:12 / Allies) f_cku_heathclif: get there
(12:13 / Allies) f_cku_heathclif: get there
(12:15 / Allies) pasteyface: there?
(12:19 / Allies) f_cku_heathclif: i pinged it yeah
(12:28 / Allies) avid.milk2: wood
(13:36 / Allies) avid.milk2: im rich now
(14:03 / Allies) f_cku_heathclif: lets creep that
(14:09 / Allies) f_cku_heathclif: am mk warden
(15:49 / Allies) f_cku_heathclif: 92 food for purp
(15:58 / Allies) f_cku_heathclif: oru right side towers is kind of weak
(16:12 / Allies) f_cku_heathclif: dopnt follow mdoe a bm
(16:34 / Allies) pasteyface: blue bats
(16:51 / Allies) pasteyface: you see them?
(17:13 / Allies) pasteyface: i am glad
(17:16 / Allies) avid.milk2: knew i forgot something
(17:19 / All) f_cku_heathclif: uy guys dont know how to do this strat
(17:23 / All) f_cku_heathclif: u ever been to highper.ch?
(17:26 / All) jgdude: no
(17:31 / All) f_cku_heathclif: tehres a written guide there
(17:31 / All) f_cku_heathclif: rofl
(18:03 / Allies) avid.milk2: wish i had level 3 for my heros
(18:07 / Allies) avid.milk2: level 1 hermmer sux
(18:11 / Allies) avid.milk2: and level 1 aura is gei
(18:20 / Allies) avid.milk2: OH LORD
(18:21 / Allies) pasteyface: the beaches are up on the hill
(18:25 / Allies) avid.milk2: LOOK AT THEIR TOWER WALL
(18:28 / Allies) avid.milk2: WASTING TIME
(18:33 / Allies) avid.milk2: PLAYING THESE NABS
(19:02 / Allies) f_cku_heathclif: we got a lot of mining left to do
(19:08 / Allies) f_cku_heathclif: we gonna survive an all o ut assualt?
(19:19 / Allies) avid.milk2: wood
(19:21 / Allies) avid.milk2: not without wood
(19:25 / Allies) avid.milk2: fack
(19:44 / Allies) avid.milk2: upgrading towers in front
(19:45 / Allies) f_cku_heathclif: if uc an invis my bats
(20:07 / Allies) pasteyface: omg look at that dragonforce
(20:37 / Allies) f_cku_heathclif: he saw invis bats
(20:39 / Allies) f_cku_heathclif: and they pulled back
(20:43 / Allies) f_cku_heathclif: hackers
(20:55 / Allies) avid.milk2: when we peerch it will ahve to be all at once
(21:15 / Allies) pasteyface: gold plz
(21:43 / Allies) avid.milk2: dumb fucing towers
(21:46 / Allies) pasteyface: going over no
(21:47 / Allies) avid.milk2: i didnt know they were noobs back then
(21:48 / Allies) pasteyface: now
(21:59 / Allies) f_cku_heathclif: k
(22:00 / Allies) avid.milk2: i need boots and staff
(23:12 / Allies) avid.milk2: tell me when its timet to perch
(23:13 / Allies) avid.milk2: btew
(23:14 / Allies) avid.milk2: inc perch
(23:19 / Allies) f_cku_heathclif: after they are broke
(23:20 / Allies) avid.milk2: those dotts
(24:35 / Allies) avid.milk2: ready to perch wehnever
(24:40 / Allies) avid.milk2: should i get a dark ranger?
(24:40 / Allies) f_cku_heathclif: u got quikc hall?
(24:47 / Allies) f_cku_heathclif: when u ready to go over
(24:57 / All) jgdude: so now what do we do
(25:04 / All) f_cku_heathclif: we made some moves
(25:05 / All) f_cku_heathclif: ur turn
(25:06 / All) avid.milk2: you want us to tell you?
(25:07 / All) jgdude: u guys are lvl 6 just attack
(25:09 / All) jgdude: lol
(25:10 / All) avid.milk2: l2think
(25:12 / All) jgdude: my nigga lvl 1 man
(25:13 / All) f_cku_heathclif: only me
(25:15 / All) jgdude: just finish it
(25:16 / All) f_cku_heathclif: my allies all level 2
(25:21 / Allies) avid.milk2: great
(25:25 / Allies) avid.milk2: "just finish it" noobs
(25:30 / Allies) f_cku_heathclif: they are chatting
(25:31 / Allies) f_cku_heathclif: whcih emanms
(25:33 / Allies) f_cku_heathclif: they ready to attack
(25:35 / All) jgdude: really boring lol
(25:36 / Allies) f_cku_heathclif: at any second
(26:00 / Allies) avid.milk2: 1500 in expo
(26:05 / Allies) avid.milk2: ah shti
(26:08 / Allies) avid.milk2: yours as more in it
(26:14 / Allies) f_cku_heathclif: its ok
(26:15 / Allies) avid.milk2: holy fuck
(26:16 / Allies) f_cku_heathclif: we could perch now
(26:19 / Allies) avid.milk2: moichaels armyu is looking good
(26:22 / Allies) f_cku_heathclif: lets go over now
(26:23 / Allies) f_cku_heathclif: perch now
(26:24 / Allies) f_cku_heathclif: go over now
(26:41 / All) jgdude: u guys seriously arent gonna do anythin
(26:56 / All) pasteyface: send forth all legions
(27:04 / Allies) f_cku_heathclif: put all dotts up there
(27:06 / Allies) f_cku_heathclif: so we cont get raped
(27:22 / Allies) pasteyface: more dotts or a chim?
(27:30 / Allies) f_cku_heathclif: doots
(27:33 / Allies) f_cku_heathclif: 4 more chims maybe
(27:55 / All) f_cku_heathclif: its like a jungle sometimes it makes me wonder how i keep from goin under
(28:16 / All) jgdude: we made a move
(28:17 / All) jgdude: lol
(28:24 / All) NiVeDh: ur turn
(28:27 / Allies) f_cku_heathclif: k
(29:10 / All) jgdude: y u killing own shit
(29:11 / Allies) f_cku_heathclif: get it all up there
(29:12 / Allies) f_cku_heathclif: now
(29:16 / All) f_cku_heathclif: deny xp
(29:25 / All) jgdude: gosus
(29:32 / Allies) pasteyface: le items
(29:45 / All) jgdude: eyy im finally lvl 2
(30:11 / Allies) pasteyface: im 90/90 now
(30:46 / Allies) f_cku_heathclif: u left ur dr
(31:11 / Allies) pasteyface: dr?
(31:20 / Allies) f_cku_heathclif: ur darkness ranger
(31:23 / Allies) f_cku_heathclif: and 1000 tanks
(31:34 / Allies) f_cku_heathclif: i bring dr a tp
(32:39 / Allies) pasteyface: lol
(32:51 / All) f_cku_heathclif: truce
(32:58 / Allies) f_cku_heathclif: michel dont let ur shitling warden die
(33:04 / All) NiVeDh: quit then
(33:12 / All) f_cku_heathclif: truce means ceasefire
(33:14 / All) f_cku_heathclif: not suicide
(33:36 / Allies) f_cku_heathclif: keep dotts on land
(33:41 / Allies) f_cku_heathclif: inc ase mass gyro or bats comes up ehre
(34:03 / Allies) f_cku_heathclif: save rest of gold for hero revives
(34:19 / All) NiVeDh: this strat is so boring
(34:29 / All) f_cku_heathclif: whyd u do it toot hen
(34:29 / All) f_cku_heathclif: rofl
(34:35 / All) jgdude: to try it
(34:36 / All) NiVeDh: some gays did it to us
(34:38 / All) jgdude: we got owned by it
(34:45 / All) f_cku_heathclif: what were their names
(34:49 / All) NiVeDh: forgot
(34:56 / All) f_cku_heathclif: teh main point of it
(34:58 / All) f_cku_heathclif: is to mine all ur gold
(35:00 / All) f_cku_heathclif: at no upkeep
(35:04 / All) f_cku_heathclif: somehow i dont think u guys did that
(35:07 / All) NiVeDh: no lol
(35:08 / All) NiVeDh: we suck
(35:16 / All) avid.milk2: such honesty
(35:22 / All) Derry-x21: we do
(35:25 / All) jgdude: are u guys taht bored that ur killing urselves
(35:26 / All) jgdude: rofl
(35:26 / All) NiVeDh: we're 50% noobs
(35:27 / All) Derry-x21: we 14-21
(35:31 / All) Derry-x21: less than 50
(35:35 / All) pasteyface: you sir, are a gentleman
(35:38 / All) jgdude: and we've been playin forever
(35:47 / All) NiVeDh: gg lvl 7
(35:52 / Allies) avid.milk2: there are a lot of pigs on the ground
(35:58 / Allies) avid.milk2: these guys ownt stay i think
(36:24 / Allies) f_cku_heathclif: holy shit i have no tp or staff
(36:26 / Allies) f_cku_heathclif: that could have bene ugly
(36:28 / All) NiVeDh: woo lvl 3
(36:39 / All) NiVeDh: what's you guys' record
(36:52 / All) f_cku_heathclif: we never stick with same names
(36:55 / All) f_cku_heathclif: so idk
(36:59 / All) avid.milk2: stats me
(37:07 / All) NiVeDh: 37-42
(37:09 / All) Derry-x21: too long
(37:11 / All) avid.milk2: lewl
(37:32 / Allies) f_cku_heathclif: tp that up/
(37:33 / Allies) f_cku_heathclif: ?
(37:35 / Allies) avid.milk2: nbo
(37:38 / Allies) avid.milk2: im staffing it up
(37:40 / Allies) f_cku_heathclif: o
(37:43 / All) jgdude: did u guys totally suicide
(37:50 / All) f_cku_heathclif: we hid some stuff away
(37:52 / All) f_cku_heathclif: a safe place
(37:55 / All) jgdude: o
(37:56 / All) f_cku_heathclif: Welcome to high perch
(38:00 / All) f_cku_heathclif: Enjoy your stay
(38:12 / All) jgdude: are u gonna pwn us soon
(38:17 / All) f_cku_heathclif: hopefully not
(38:18 / All) avid.milk2: probably not
(38:19 / All) jgdude: a warning would be nice
(38:20 / All) NiVeDh: found u
(38:29 / All) NiVeDh: how the fuck did u get there
(38:33 / All) jgdude: o thats wat u supposed to do
(38:59 / Allies) avid.milk2: such a cluttered perch
(39:02 / All) NiVeDh: gg
(39:24 / Allies) avid.milk2: it only takes one mortar shot
(39:26 / Allies) avid.milk2: to kill a tree
(39:29 / Allies) avid.milk2: dont move them all around pls
(39:35 / Allies) f_cku_heathclif: clear the trees
(39:37 / Allies) f_cku_heathclif: and i wotn have a reason to
(40:21 / All) NiVeDh: dang u gosu
(40:23 / Allies) f_cku_heathclif: that was 2 close
(40:25 / Allies) pasteyface: look at that pig go
(40:29 / Allies) f_cku_heathclif: wasted my invuol
(40:35 / Allies) pasteyface: infiltrating enemy territory
(40:49 / Allies) avid.milk2: i sense danger
(40:51 / Allies) avid.milk2: and will root it out
(41:32 / Allies) f_cku_heathclif: they still got abotu 2k
(41:36 / Allies) avid.milk2: forsooth i have no orbs
(42:03 / Allies) avid.milk2: dont yhou think its safer to put items on the groiund>
(42:04 / All) NiVeDh: how do u even get to that place wtf
(42:09 / All) f_cku_heathclif: u gotta buy a boat
(42:13 / Allies) avid.milk2: and they wont target items
(42:14 / All) NiVeDh: from where
(42:23 / Allies) f_cku_heathclif: what items would u put down
(42:26 / All) f_cku_heathclif: thers a shop u can get boat at
(42:31 / All) f_cku_heathclif: u can kill the shop with magic damage tho
(42:40 / All) f_cku_heathclif: so we get a boat then kill it
(42:44 / Allies) avid.milk2: the stuff your dark ranger is holding
(42:45 / Allies) f_cku_heathclif: ionc bats
(42:51 / All) Derry-x21: dang that whoops
(43:09 / Allies) avid.milk2: dont bat 1:1
(43:13 / Allies) pasteyface: dang that whoops
(43:14 / Allies) f_cku_heathclif: k
(43:25 / Allies) avid.milk2: btw i have a priest
(43:29 / All) f_cku_heathclif: we dont have infinite bats
(43:30 / Allies) avid.milk2: it can dispel faerie fire
(43:31 / Allies) avid.milk2: arent i smart
(43:33 / All) f_cku_heathclif: if u wanna give up xp
(43:34 / All) NiVeDh: we dont either
(43:36 / All) f_cku_heathclif: uic ould gkeep doin that
(44:13 / Allies) avid.milk2: alex
(44:16 / Allies) avid.milk2: giove the mana item
(44:17 / Allies) avid.milk2: my am has
(44:19 / Allies) avid.milk2: to your bm
(45:09 / Allies) avid.milk2: sorc all alone near their left tower wall
(45:12 / Allies) f_cku_heathclif: wehre is our best bat
(45:15 / Allies) avid.milk2: also you may want ot reposition our pigs
(45:19 / Allies) f_cku_heathclif: our best pig
(45:21 / Allies) f_cku_heathclif: i mean
(45:24 / Allies) f_cku_heathclif: i vote for the one by item shop
(45:37 / Allies) f_cku_heathclif: southeast of item sjhop
(45:39 / Allies) f_cku_heathclif: is a pig
(45:53 / All) NiVeDh: wheres the boat
(46:00 / Allies) pasteyface: thats a good one
(46:16 / Allies) pasteyface: thats a close one
(46:34 / Allies) avid.milk2: i ahve a gyro
(46:37 / Allies) avid.milk2: it could folllow you
(46:51 / Allies) avid.milk2: a main give 12 food
(46:56 / Allies) avid.milk2: i thought it gave 10
(47:03 / Allies) f_cku_heathclif: nope
(47:15 / Allies) avid.milk2: theres a slippers of agailtiy
(47:17 / Allies) avid.milk2: in the bottom left
(47:21 / Allies) f_cku_heathclif: i think im gonna sell all my items
(47:24 / Allies) f_cku_heathclif: or leave them on ground
(47:27 / Allies) f_cku_heathclif: and get hit point items
(48:12 / Allies) avid.milk2: i put a pig by each shop, tavern creep shop and item shop
(48:14 / Allies) f_cku_heathclif: lol level 2 warden
(48:19 / Allies) f_cku_heathclif: 3
(48:25 / Allies) avid.milk2: theres a piug by alex/s old expo
(48:27 / Allies) avid.milk2: its not mine though
(48:39 / Allies) avid.milk2: they ar repairing the tower wall
(48:39 / Allies) avid.milk2: wtf
(48:44 / Allies) f_cku_heathclif: dont send pigs runnign around
(48:46 / Allies) f_cku_heathclif: when hey catch on
(48:51 / Allies) f_cku_heathclif: theyll have a pig hunting party
(49:17 / Allies) avid.milk2: im putting a pig top left
(49:23 / Allies) avid.milk2: and one to the right near perch
(49:27 / Allies) avid.milk2: near those creep huts
(50:01 / All) f_cku_heathclif: lol